 Dungeon Crawl Stone Soup version 0.22.0-18-ge075c0d (webtiles) character file.

38 Amnesiac the Gusty (level 3, -3/24 HPs)
             Began as a Mummy Air Elementalist on Aug 18, 2018.
             Slain by a hound (4 damage)
             ... on level 5 of the Dungeon.
             The game lasted 00:02:10 (745 turns).

Amnesiac the Gusty (Mummy Air Elementalist)          Turns: 745, Time: 00:02:10

Health: -3/24      AC:  2    Str: 11    XL:     3   Next: 25%
Magic:  1/7        EV: 12    Int: 15    God:
Gold:   80         SH:  0    Dex: 12    Spells: 5/8 levels left

rFire    x . .     SeeInvis .   (no weapon)
rCold    + . .     Gourm    .   (no shield)
rNeg     + + +     Faith    .   a - +0 robe
rPois    ∞         Spirit   .   (no helmet)
rElec    .         Reflect  .   (no cloak)
rCorr    .         Harm     .   (no gloves)
MR       .....                  (no boots)
Stlth    ++........             (no amulet)
HPRegen  0.08/turn              (no ring)
MPRegen  0.10/turn              (no ring)

@: no status effects
A: no food or potions, fire vulnerability, cold resistance 1, negative energy
resistance 3, torment resistance, unbreathing
a: no special abilities


You were on level 5 of the Dungeon.
You were not hungry.

You visited 1 branch of the dungeon, and saw 5 of its levels.

You collected 80 gold pieces.

Inventory:

Armour
 a - a +0 robe (worn)
Scrolls
 b - a scroll of blinking {!r, unknown}
 c - a scroll of identify {!r, unknown}
 d - a scroll of fog {!r, unknown}
 e - a scroll of magic mapping {!r, unknown}


   Skills:
 - Level 1.5 Dodging
 - Level 1.5 Stealth
 + Level 3.2 Spellcasting
 - Level 0.7 Conjurations
 * Level 3.3 Air Magic


You had 5 spell levels left.
You knew the following spells:

 Your Spells              Type           Power        Failure   Level  Hunger
a - Shock                 Conj/Air       #...         9%          1    N/A
z - Swiftness             Chrm/Air       #.......     14%         2    N/A

Your spell library contained the following spells:

 Spells                   Type           Power        Failure   Level  Hunger
 Static Discharge         Conj/Air       #.......     26%         3    N/A
 Airstrike                Air            ##........   43%         4    N/A
 Lightning Bolt           Conj/Air       #.........   93%         5    N/A

Dungeon Overview and Level Annotations

Branches:
Dungeon (5/15)
 Temple: D:4-7

Altars:


Innate Abilities, Weirdness & Mutations

You do not eat or drink.
Your flesh is vulnerable to fire.
You are immune to poison.
Your flesh is cold resistant. (rC+)
You are immune to negative energy. (rN+++)
You are immune to unholy pain and torment.
You can survive without breathing.


Message History

The hound zombie is almost destroyed.
The zap hits the hound zombie.
You destroy the hound zombie!
You have reached level 3!
Your experience leads to an increase in your attributes!
Increase (S)trength, (I)ntelligence, or (D)exterity?
You feel clever.
The howler monkey hoots and howls with incredible vigour!
A hound comes into view.
The howler monkey hoots and howls with incredible vigour!
An orc comes into view. It is wielding a mace.
The sentinel's mark upon you fades away.
A bullfrog zombie comes into view.
A hound skeleton comes into view.
Really read
g - a scroll labeled WEAPRA XAZAN {!r}?
As you read the scroll labeled WEAPRA XAZAN {!r}, it crumbles to dust.
You assume a fearsome visage.
The bullfrog zombie is unaffected.
The howler monkey looks frightened!
The orc looks frightened!
The hound looks frightened!
The hound skeleton is unaffected.
It was a scroll of fear {!r}.
Cornered, the hound turns to fight!
The hound barely misses you.
An ogre comes into view. It is wielding a giant club.
The hound closely misses you.
You aren't carrying any items that you can evoke.
The hound bites you.
* * * LOW HITPOINT WARNING * * *
The hound closely misses you.
Casting: Shock (safe; 9% risk of failure)
Confirm with . or Enter, or press ? or * to list all spells.
Aiming: Shock (safe; 9% risk of failure)
Press: ? - help, Shift-Dir - straight line, f - hound
Aim: a hound The zap hits the hound.
The hound is lightly wounded.
The zap hits the bullfrog zombie.
The bullfrog zombie is lightly damaged.
The zap hits the bullfrog zombie.
The bullfrog zombie is moderately damaged.
The zap misses the hound.
The hound bites you.
* * * LOW HITPOINT WARNING * * *
The hound barely misses you.
Unknown command.
Casting: Shock (safe; 9% risk of failure)
Confirm with . or Enter, or press ? or * to list all spells.
Aiming: Shock (safe; 9% risk of failure)
Press: ? - help, Shift-Dir - straight line, f/p - hound
Aim: a hound (lightly wounded)
The zap hits the hound.
The hound is moderately wounded.
The zap hits the bullfrog zombie.
The bullfrog zombie is moderately damaged.
The zap hits the bullfrog zombie.
The bullfrog zombie is moderately damaged.
The zap hits the hound.
The hound is heavily wounded.
The hound barely misses you.
Unknown command.
Really read
f - a scroll labeled CUAGHOKHIC {!r}?
As you read the scroll labeled CUAGHOKHIC {!r}, it crumbles to dust.
It is a scroll of amnesia.
Okay, then.
The hound bites you.
* * * LOW HITPOINT WARNING * * *
The hound bites you.
You die...

... #.# #h# # #.#
#.##.######
#....ZZ.OZ#
####.####Z# #.# #h#
#.# #@# #Z# #.# #.#
#.# #.####.######
#............#
#########.####.#####.#
..........# #.#
.........o# #.#
########..####.#


You could see an ogre, a hound, a bullfrog zombie and a hound skeleton.

Vanquished Creatures
  A hound zombie (D:5)
  A gnoll (D:1)
  An ooze (D:1)
  A dart slug (D:1)
  A giant cockroach (D:4)
  A goblin (D:1)
  A hobgoblin (D:1)
  A bat (D:1)
  A frilled lizard (D:1)
  A kobold (D:1)
10 creatures vanquished.

Notes
Turn   | Place    | Note
-------+----------+-------------------------------------------
     0 | D:1      | Amnesiac the Mummy Air Elementalist began the quest for the Orb.
     0 | D:1      | Reached XP level 1. HP: 13/13 MP: 4/4
   148 | D:1      | Reached XP level 2. HP: 19/19 MP: 2/5
   172 | D:1      | Learned a level 2 spell: Swiftness
   520 | D:2      | You fall through a shaft for 2 floors!
   679 | D:4      | Noticed an ice beast
   682 | D:5      | Entered Level 5 of the Dungeon
   720 | D:5      | Noticed a howler monkey
   721 | D:5      | Reached XP level 3. HP: 15/24 MP: 0/7
   735 | D:5      | Noticed an ogre
   745 | D:5      | HP: 1/24 [hound (4)]
   745 | D:5      | Slain by a hound

Skill      XL: |  1  2 |
---------------+-------+-----
Air Magic      | 3 |  3.3
Spellcasting   | 3 |  3.2
Dodging        | |  1.5
Stealth        | |  1.5
Conjurations   | |  0.7

Action                   || total
-------------------------++-------
 Cast: Shock             ||    33
  Use: Scroll            ||     2
Armor: Robe              ||     3
Dodge: Dodged            ||    10
